 Dungeon Crawl Stone Soup version 0.26.0-18-gc5c842f807 (webtiles) character file.

Game seed: 13350386319579959547

57 thiole the Sneak (level 4, -1/27 HPs)
             Began as an Octopode Hedge Wizard on Jan 22, 2021.
             Slain by a hobgoblin (4 damage)
             ... led by Robin
             ... on level 2 of the Dungeon.
             The game lasted 00:01:49 (1570 turns).

thiole the Sneak (Octopode Hedge Wizard)            Turns: 1570, Time: 00:01:49

Health: -1/27      AC:  1    Str:  9    XL:     4   Next: 0%
Magic:  4/8        EV: 13    Int: 17    God:
Gold:   55         SH:  0    Dex: 11    Spells: 1/9 levels left

rFire    . . .     SeeInvis .   d - +2 dagger (venom)
rCold    . . .     Faith    .   (no shield)
rNeg     . . .     Spirit   .   b - +0 hat
rPois    .         Reflect  .   (no amulet)
rElec    .         Harm     .   (no ring)
rCorr    .         Rampage  .   (no ring)
Will     .....                  (no ring)
Stlth    +++.......             (no ring)
HPRegen  0.09/turn              (no ring)
MPRegen  0.11/turn              (no ring)
                                (no ring)
                                (no ring)

@: brilliant
A: almost no armour, stealthy swim, amphibious, 8 rings, constrict 8, camouflage
1, gelatinous body 1
a: no special abilities


You were on level 2 of the Dungeon.
You visited 1 branch of the dungeon, and saw 2 of its levels.

You collected 55 gold pieces.

Inventory:

Hand Weapons
 a - a +0 dagger
 d - a +2 dagger of venom (weapon)
Armour
 b - a +0 hat (worn)
Jewellery
 f - an uncursed ring of poison resistance {unknown}
Scrolls
 c - a scroll of amnesia
 e - a scroll of teleportation {unknown}


   Skills:
 - Level 2.0 Dodging
 + Level 3.5 Stealth
 + Level 3.3 Spellcasting
 * Level 2.3 Conjurations
 - Level 2.0 Summonings
 - Level 1.0 Translocations


You had one spell level left.
You knew the following spells:

 Your Spells              Type           Power        Failure   Level
a - Magic Dart            Conj           64%          7%          1
b - Call Imp              Summ           14%          12%         2
c - Slow                  Hex            4%           26%         2
d - Mephitic Cloud        Conj/Pois/Air  8%           36%         3

Your spell library contained the following spells:

 Spells                   Type           Power        Failure   Level
 Blink                    Tloc           N/A          17%         2
 Conjure Flame            Conj/Fire      10%          32%         3


Dungeon Overview and Level Annotations

Branches:
Dungeon (2/15)

Altars:

Annotations:
D:2 Robin


Innate Abilities, Weirdness & Mutations

You cannot wear most types of armour.
You are very stealthy in the water. (Stealth+)
You are amphibious.
You can wear up to eight rings at the same time.
You can use your tentacles to constrict eight enemies at once.
Your skin changes colour to match your surroundings (Stealth+).
Your rubbery body absorbs attacks. (AC +1, EV +1)


Message History

You hit the goblin.
You kill the goblin!
A kobold comes into view. It is wielding a +0 whip.
The goblin hits you with a +0 club.
You have reached level 4!
It was a potion of brilliance.
You feel clever all of a sudden.
The kobold shouts!
A rat comes into view.
The goblin hits you with a +0 club.
* * * LOW HITPOINT WARNING * * *
The hobgoblin hits you.
* * * LOW HITPOINT WARNING * * *
As you read the scroll labelled UMANEE TO XOF, it crumbles to dust.
It is a scroll of amnesia.
Okay, then.
The goblin hits you with a +0 club.
* * * LOW HITPOINT WARNING * * *
The hobgoblin hits you.
You die...

.######### .........#
.........# .........#
.........#
...r.....#############
....g.g.gg...........
....K..gg@).....>..#
.....g..g.#......g.#
.........)#......g.#
..........'...<....#
..........#........#
#+#######.#........#
#.#........# ## ##
#.#........# .. ....
#.#........#


You could see Robin, 2 hobgoblins, 5 goblins, a kobold and a rat.

Vanquished Creatures
  2 adders (D:2)
  An ooze (D:1)
  A dart slug (D:1)
  8 goblins
  6 hobgoblins
  2 jackals (D:2)
  A bat (D:1)
  5 kobolds
  5 rats
31 creatures vanquished.

Vanquished Creatures (others)
  3 plants (D:1)
3 creatures vanquished.

Grand Total: 34 creatures vanquished

Notes
Turn   | Place    | Note
-------+----------+-------------------------------------------
     0 | D:1      | thiole the Octopode Hedge Wizard began the quest for the
                  | Orb.
     0 | D:1      | Reached XP level 1. HP: 11/11 MP: 4/4
   250 | D:1      | Reached XP level 2. HP: 6/17 MP: 1/6
  1088 | D:2      | Noticed Robin
  1224 | D:2      | Reached XP level 3. HP: 19/21 MP: 1/7
  1227 | D:2      | Learned a level 2 spell: Call Imp
  1230 | D:2      | Learned a level 2 spell: Slow
  1234 | D:2      | Learned a level 3 spell: Mephitic Cloud
  1569 | D:2      | Reached XP level 4. HP: 10/27 MP: 4/8
  1570 | D:2      | Slain by a hobgoblin

Illustrated notes

Levels and vault maps discovered:
D:1:      minmay_arrival_glassed_features, layout_basic, minmay_fountain_box,
          chequers_big_river
D:2:      layout_basic, uniq_robin

Skill      XL: |  1  2  3 |
---------------+----------+-----
Stealth        | 3 |  3.5
Summonings     | 2 |  2.0
Conjurations   | 2 |  2.3
Dodging        | |  2.0
Spellcasting   | |  3.3
Translocations | |  1.0

Action                   |  1- 3 |  4- 6 || total
-------------------------+-------+-------++-------
Melee: Dagger            |    31 |       ||    31
       Tentacles         |     6 |       ||     6
       Constrict         |     9 |       ||     9
 Cast: Magic Dart        |    56 |       ||    56
  Use: Scroll            |       |     1 ||     1
       Potion            |       |     1 ||     1
Dodge: Dodged            |    25 |       ||    25
